 Dungeon Crawl Stone Soup version 0.27.1 (webtiles) character file.

Game seed: 15003062398661435813

6418 Naeght the Arsonist (level 10, 0/71 HPs)
             Began as a Green Draconian Fire Elementalist on Aug 21, 2021.
             Was a Believer of the Shining One.
             Slain by a yak (14 damage)
             ... on level 7 of the Dungeon.
             The game lasted 00:39:19 (15391 turns).

Naeght the Arsonist (DrFE)                         Turns: 15391, Time: 00:39:19

Health: 0/71       AC:  9    Str: 11    XL:     10   Next: 66%
Magic:  18/19      EV: 13    Int: 19    God:    the Shining One [**....]
Gold:   448        SH:  0    Dex: 11    Spells: 13/22 levels left

rFire    . . .     SeeInvis .   D - +1 whip (elec)
rCold    . . .     Faith    .   (no shield)
rNeg     + . .     Spirit   .   (armour unavailable)
rPois    +         Reflect  .   (helmet restricted)
rElec    .         Harm     .   o - +0 cloak
rCorr    .         Rampage  .   w - +0 pair of gloves
Will     +....                  (no boots)
Stlth    +.........             h - amulet of magic regeneration
HPRegen  0.21/turn              i - ring of flight
MPRegen  0.41/turn              H - ring of willpower

@: flying, glowing
A: breathe noxious fumes, AC +7, unfitting armour, poison resistance,
cold-blooded
a: Breathe Noxious Fumes, Renounce Religion, Divine Shield


You were on level 7 of the Dungeon.
You worshipped the Shining One.
The Shining One was pleased with you.
You visited 2 branches of the dungeon, and saw 10 of its levels.

You collected 448 gold pieces.

Inventory:

Hand Weapons
 D - a +1 whip of electrocution (weapon)
Armour
 o - a +0 cloak (worn)
 w - a +0 pair of gloves (worn)
 E - a +0 buckler
Magical Staves
 g - a staff of poison
Jewellery
 h - an amulet of magic regeneration (around neck)
 i - a ring of flight (left hand)
 j - a ring of protection from fire
 q - a ring of ice
 u - a ring of resist corrosion
 H - a ring of willpower (right hand)
Wands
 l - a wand of flame (20)
 p - a wand of paralysis (8)
 A - a wand of acid (2)
Scrolls
 a - a scroll of summoning
 k - a scroll of fog {unknown}
 n - a scroll of noise {unknown}
 r - a scroll of immolation {unknown}
 s - 2 scrolls of torment {unknown}
 x - a scroll of holy word {unknown}
 y - 2 scrolls of vulnerability {unknown}
 B - a scroll of enchant weapon {unknown}
 F - a scroll of teleportation {unknown}
 G - 2 scrolls of identify
Potions
 b - 3 potions of attraction
 c - a potion of mutation {unknown}
 d - 2 potions of brilliance
 e - a potion of resistance
 f - 4 potions of might
 m - 3 potions of curing
 t - a potion of flight {unknown}
 v - a potion of degeneration {unknown}
 z - a potion of lignification {unknown}
 C - a potion of magic {unknown}


   Skills:
 - Level 1.0 Fighting
 + Level 5.0 Dodging
 - Level 2.0 Stealth
 + Level 6.6 Spellcasting
 * Level 9.8 Conjurations
 * Level 10.1 Fire Magic


You had 13 spell levels left.
You knew the following spells:

 Your Spells              Type           Power      Damage    Failure   Level
a - Foxfire               Conj/Fire      100%       2x1d9     1%          1
b - Conjure Flame         Conj/Fire      44%        6-21      1%          3
c - Fireball              Conj/Fire      22%        3d10      4%          5

Your spell library contained the following spells:

 Spells                   Type           Power      Damage    Failure   Level
 Sticky Flame             Conj/Fire      44%        2d6       1%          4
 Inner Flame              Hex/Fire       25%        N/A       4%          3
 Sandblast                Erth           12%        2d6       11%         1
 Passwall                 Tmut/Erth      5%         N/A       16%         2
 Lee's Rapid Deconstruct  Erth           3%         3d6*      96%         5


Dungeon Overview and Level Annotations

Branches:
Dungeon (9/15)             Temple (1/1) D:5            Lair (0/6) D:9
    Orc: D:9-12

Altars:
Ashenzari
Cheibriados
Dithmenos
Elyvilon
Fedhas
Gozag
Hepliaklqana
Kikubaaqudgha
Makhleb
Nemelex Xobeh
Okawaru
Qazlal
Ru
Sif Muna
Trog
Uskayaw
Vehumet
Wu Jian
Xom
Yredelemnul
Zin
The Shining One


Innate Abilities, Weirdness & Mutations

You can breathe blasts of noxious fumes.
Your lurid green scales are hard. (AC +7)
You cannot fit into any form of body armour.
Your system is resistant to poisons. (rPois)
You are cold-blooded and may be slowed by cold attacks.


Message History

The yak is severely wounded.
The foxfire hits the yak but does no damage.
The yak is severely wounded.
You are too injured to fight recklessly!
You are too injured to fight recklessly!
You are too injured to fight recklessly!
You are too injured to fight recklessly!
You are too injured to fight recklessly!
Casting: Foxfire (safe; 1% risk of failure)
Confirm with . or Enter, or press ? or * to list all spells.
You conjure some foxfire!
The yak gores you!
* * * LOW HITPOINT WARNING * * *
The yak gores you!
* * * LOW HITPOINT WARNING * * *
Casting: Foxfire (safe; 1% risk of failure)
Confirm with . or Enter, or press ? or * to list all spells.
You conjure some foxfire!
The foxfire hits the yak.
The yak is lightly wounded.
The foxfire hits the yak.
The yak is lightly wounded.
The yak completely misses you. The yak barely misses you.
Your foxfire dissipates!
The foxfire hits the yak but does no damage.
The yak is severely wounded.
The yak gores you!
* * * LOW HITPOINT WARNING * * *
There is a stone staircase leading up, spattered with blood here.
The yak misses you.
You fly upwards.
There is a stone staircase leading down here.
Casting: Foxfire (safe; 1% risk of failure)
Confirm with . or Enter, or press ? or * to list all spells.
You conjure some foxfire!
The yak gores you.
* * * LOW HITPOINT WARNING * * *
Casting: Foxfire (safe; 1% risk of failure)
Confirm with . or Enter, or press ? or * to list all spells.
You conjure some foxfire!
The foxfire hits the yak.
The yak is lightly wounded.
The yak gores you!
You die...

#...# #.......# #### #...#
#.####### #... #...#
#.#.....###### #.##
###...###### ##.#.###...>..#
#.##
...........###....###......#
#.##
..................#........#
#.##
...........##...§.#.#......#
#.##
###...#######..§v.#.#......#
#... # #...#
#..v@Y....###### ####
###...# #.##v##.### ######
.##...# #.##.##.# ##...##
.##...## #.##.##.#
#####..#..# .......#
#.##.##.# #.....###.†
.###.#.#### #.......#
#.###..#..# .##.......#
#.##.##.###.# ##...##
..........# #.##........#
##### .##.......#
#.#####.#####


You could see a yak (ally target).

Vanquished Creatures
  Pikel (D:8)
  An unseen horror (D:9)
  A hornet (D:4)
  3 yaks
  2 wyverns
  A steam dragon (D:8)
  3 wargs
  Edmund (D:6)
  An acid dragon (D:8)
  A black bear (D:7)
  5 orc warriors
  3 ice beasts
  A sky beast (D:6)
  A hornet zombie (D:7)
  2 necrophages (D:6)
  A centaur (D:9)
  3 ogres
  2 kobold brigands
  4 bullfrogs
  3 scorpions
  A wyvern skeleton (D:7)
  A water moccasin skeleton (D:5)
  8 wights
  4 killer bees (D:9)
  2 howler monkeys
  A bullfrog zombie (D:5)
  A centaur zombie (D:6)
  7 hounds
  8 orc priests
  Crazy Yiuf (D:4)
  3 jellies
  2 bullfrog skeletons (D:4)
  3 iguanas
  Ijyb (D:4)
  Natasha (thrice) (D:4)
  7 orc wizards
  A scorpion zombie (D:5)
  A killer bee zombie (D:8)
  A hound skeleton (D:4)
  A howler monkey zombie (D:9)
  Robin (D:2)
  A gnoll (D:6)
  5 adders
  A white imp (D:5)
  2 ufetubi (D:4)
  An adder skeleton (D:4)
  2 dart slugs
  37 orcs
  6 bats
  11 endoplasms
  A giant cockroach (D:4)
  15 goblins
  6 hobgoblins
  A jackal (D:4)
  4 quokkas
  6 ball pythons
  3 frilled lizards
  14 kobolds
  A quokka skeleton (D:4)
  A rat (D:3)
216 creatures vanquished.

Vanquished Creatures (others)
  1874 foxfires
  A fungus (D:4)
  A plant (D:2)
1876 creatures vanquished.

Grand Total: 2092 creatures vanquished

Notes
Turn   | Place    | Note
-------+----------+-------------------------------------------
     0 | D:1      | Naeght the Draconian Fire Elementalist began the quest for
                  | the Orb.
     0 | D:1      | Reached XP level 1. HP: 14/14 MP: 3/3
   667 | D:1      | Reached XP level 2. HP: 20/20 MP: 1/5
  2133 | D:2      | Reached XP level 3. HP: 26/26 MP: 0/6
  2259 | D:2      | Noticed Robin
  2468 | D:2      | Killed Robin
  2548 | D:2      | Found a faded altar of an unknown god.
  2788 | D:3      | Reached XP level 4. HP: 31/34 MP: 4/7
  2986 | D:3      | Learned a level 3 spell: Conjure Flame
  3287 | D:3      | Reached skill level 1 in Fighting
  3589 | D:4      | Reached XP level 5. HP: 40/40 MP: 4/9
  3602 | D:4      | Reached skill level 4 in Fire Magic
  3611 | D:4      | Learned a level 5 spell: Fireball
  3660 | D:4      | Noticed an ice beast
  3682 | D:4      | Killed an ice beast
  3740 | D:4      | Reached XP level 6. HP: 40/47 MP: 6/10
  4006 | D:4      | Noticed Ijyb
  4030 | D:4      | Killed Ijyb
  4283 | D:4      | Noticed Natasha
  4300 | D:4      | Killed Natasha
  4459 | D:4      | Found a hide-covered altar of Uskayaw.
  4463 | D:4      | Noticed Natasha
  4472 | D:4      | Reached skill level 5 in Fire Magic
  4492 | D:4      | Killed Natasha
  4504 | D:4      | Noticed Natasha
  4508 | D:4      | Killed Natasha
  4509 | D:4      | Your scales start taking on a lurid green colour.
  4509 | D:4      | Reached XP level 7. HP: 39/52 MP: 9/12
  4509 | D:4      | Gained mutation: Your system is resistant to poisons.
                  | (rPois) [Green Draconian growth]
  4619 | D:4      | Found an iron altar of Okawaru.
  4682 | D:4      | Found a runed translucent door.
  4683 | D:4      | Noticed Crazy Yiuf
  4832 | D:4      | Noticed a hornet
  5001 | D:4      | Killed a hornet
  5002 | D:4      | Reached skill level 5 in Conjurations
  5364 | D:4      | Killed Crazy Yiuf
  5365 | D:4      | Reached skill level 6 in Fire Magic
  5603 | D:5      | Entered Level 5 of the Dungeon
  5877 | D:5      | Found a sparkling altar of Nemelex Xobeh.
  6124 | D:5      | Reached XP level 8. HP: 59/59 MP: 12/14
  6508 | D:5      | Found a staircase to the Ecumenical Temple.
  6534 | Temple   | Entered the Ecumenical Temple
  6575 | Temple   | Became a worshipper of the Shining One
  6793 | D:5      | Found a radiant altar of Vehumet.
  6910 | D:5      | Found a blossoming altar of Fedhas.
  7195 | D:6      | Reached skill level 7 in Fire Magic
  7271 | D:6      | Noticed Edmund
  7297 | D:6      | Killed Edmund
  7800 | D:6      | Reached skill level 5 in Spellcasting
  7881 | D:6      | Reached XP level 9. HP: 64/64 MP: 12/16
  8177 | D:6      | Reached skill level 8 in Fire Magic
  8869 | D:7      | Found a hazy altar of Hepliaklqana.
  9096 | D:7      | Reached * piety under the Shining One
 10822 | D:8      | Reached skill level 9 in Fire Magic
 11079 | D:8      | Noticed Pikel
 11091 | D:8      | Killed Pikel
 11092 | D:8      | Reached XP level 10. HP: 46/71 MP: 2/18
 11547 | D:9      | Reached ** piety under the Shining One
 11829 | D:6      | The Shining One protects you from harm!
 11847 | D:6      | HP: 1/71 [orc warrior (8)]
 12822 | D:9      | Found a staircase to the Lair.
 13269 | D:8      | HP: 2/71 [orc warrior (12)]
 14107 | D:9      | Reached skill level 10 in Fire Magic
 15069 | D:8      | Reached skill level 5 in Dodging
 15391 | D:7      | Slain by a yak

Illustrated notes

Levels and vault maps discovered:
D:1:      mrwooster_arrival_arrow, layout_loops_ring
D:2:      layout_basic, dilly_ecumenical_altar_fadedgnrine, uniq_robin
D:3:      layout_basic
D:4:      layout_loops_ring, mainiacjoe_overflow_big_doors, nzn_random_ring,
          uniq_ijyb, uniq_natasha, uniq_crazy_yiuf_cottage
D:5:      layout_rooms, old_standard_altar, nemelex_dance_club_becter,
          vehumet_crystals, temple_pool_b, hangedman_decor_points,
          chequers_serial_rivers_large_b
D:6:      minmay_thick_lines, layout_rooms, uniq_edmund
D:7:      layout_loops_cross, mainiacjoe_overflow_boulevard, skrybe_limestone_x
D:8:      layout_cave_pools, serial_column_ruins, column_ruins_hut,
          column_ruins_columns_straight, column_ruins_grid_1,
          column_ruins_open_small, column_ruins_open_tiny,
          column_ruins_open_medium, column_ruins_open_small,
          small_statue_intersection, uniq_pikel
D:9:      layout_roguey, erik_lair_orcish_takeover, david_orc_4,
          chequers_hall_statues_wall_a
Temple:   nicolae_temple_elliptical

Skill      XL: |  1  2  3  4  5  6  7  8  9 10 |
---------------+-------------------------------+-----
Stealth        | 2 |  2.0
Dodging        | 2 4 5 |  5.0
Conjurations   | 2 3 4 5 7 8 9 |  9.8
Fighting       | 1 |  1.0
Fire Magic     | 4 5 6 7 9 10 | 10.1
Spellcasting   | 3 4 5 6 |  6.6

Action                   |  1- 3 |  4- 6 |  7- 9 | 10-12 || total
-------------------------+-------+-------+-------+-------++-------
Melee: Club              |     7 |       |       |       ||     7
       Unarmed           |     1 |       |       |       ||     1
       Staff             |    10 |    14 |    59 |     1 ||    84
       Tailslap          |     2 |     1 |     9 |     1 ||    13
       Whip              |       |       |       |    14 ||    14
 Cast: Foxfire           |    87 |   157 |   674 |   235 ||  1153
       Conjure Flame     |       |       |     7 |     1 ||     8
       Fireball          |       |       |     2 |    10 ||    12
 Abil: Breathe Noxious F |       |       |     3 |       ||     3
Evoke: Wand              |       |     1 |       |     1 ||     2
  Use: Scroll            |       |     4 |     1 |     1 ||     6
       Potion            |       |       |       |     1 ||     1
 Stab: Sleeping          |     2 |       |     1 |       ||     3
Armor: Skin              |     9 |     8 |    59 |    38 ||   114
Dodge: Dodged            |    21 |    36 |   122 |   116 ||   295
